Map: Recife Abissal LE

Players

TheZergLord - Winner!

  • Race: Zerg Zerg
  • League: Grandmaster
  • Spawn Location: 5:00

DakkoN

  • Race: Zerg Zerg
  • League: Grandmaster
  • Spawn Location: 11:00

VOD

Have the link to the VOD?

Description

Time

  • Played on: Nov. 3, 2017, 10:47 a.m.
  • Length: 8:15
Show
View Real Time Build Order
Export as new Build Order

TheZergLord Zerg - Winner!

Build Orders: Pool First 

Get SALT Encoding   

  12  0:01  Drone  
  13  0:13  Overlord  
  13  0:17  Drone  
  14  0:32  Drone x2  
  17  0:35  Drone  
  17  0:45  Extractor  
  17  0:48  Drone  
  17  0:50  Spawning Pool  
  17  0:56  Drone  
  17  1:08  Drone  
  18  1:19  Hatchery  
  18  1:22  Drone  
  18  1:37  Queen  
  18  1:39  Zergling x2  
  21  1:41  Zergling x2  
  22  1:48  Metabolic Boost  
  22  1:57  Spine Crawler  
  22  1:58  Zergling x2  
  22  2:05  Overlord  
  22  2:22  Queen  
  22  2:26  Zergling x4  
  26  2:31  Queen  
  25  2:37  Zergling x2  
  25  2:38  Zergling x2  
  25  2:43  Zergling x2  
  28  2:51  Zergling x6  
  31  3:11  Zergling x8  
  29  3:20  Zergling x4  
  29  3:31  Baneling Nest  
  29  3:32  Drone  
  29  3:36  Queen  
  25  3:54  Hatchery  
  21  4:05  Drone x2  
  21  4:06  Drone x2  
  21  4:09  Zergling x2  
  26  4:12  Zergling x2  
  27  4:18  Baneling x3  
  27  4:21  Zergling x2  
  27  4:23  Baneling  
  28  4:24  Baneling  
  26  4:40  Queen  
  28  4:49  Roach Warren  
  28  4:51  Baneling  
  27  4:56  Evolution Chamber x2  
  22  5:12  Zergling x2  
  25  5:18  Drone x2  
  27  5:23  Zergling x2  
  28  5:35  Drone x3  
  30  5:39  Roach x2  
  30  5:40  Roach  
  34  5:47  Drone  
  35  5:50  Drone  
  36  5:59  Overlord  
  36  6:08  Lair  
  35  6:18  Drone x2  
  39  6:19  Drone x3  
  39  6:20  Drone  
  41  6:27  Drone x2  
  43  6:38  Overlord  
  43  6:52  Queen, Extractor  
  43  6:53  Overlord x2, Extractor  
  43  6:57  Drone x3  
  43  6:58  Drone  
  43  7:00  Drone  
  48  7:02  Drone  
  48  7:04  Drone  
  48  7:08  Drone  
  51  7:13  Nydus Network  
  50  7:17  Roach  
  52  7:24  Queen  
  52  7:27  Roach  
  56  7:36  Roach x3  
  64  7:46  Roach  
  64  7:49  Roach  
  68  7:52  Nydus Canal  
Show
View Real Time Build Order
Export as new Build Order

DakkoN Zerg 

Build Orders: Pool First, Zergling Baneling 

Get SALT Encoding   

  12  0:00  Drone  
  13  0:08  Drone  
  14  0:15  Extractor, Drone  
  14  0:33  Spawning Pool  
  13  0:35  Drone  
  14  0:44  Overlord  
  14  1:19  Metabolic Boost, Zergling x4  
  14  1:20  Zergling x2  
  14  1:23  Queen  
  19  1:30  Zergling x2  
  20  1:38  Baneling Nest  
  19  1:42  Zergling x2  
  20  1:52  Zergling x2  
  21  2:03  Zergling x2  
  22  2:14  Overlord  
  22  2:26  Baneling  
  22  2:27  Baneling  
  22  2:36  Zergling x2  
  21  2:37  Zergling x6  
  21  2:39  Baneling x2  
  21  2:40  Baneling  
  21  2:43  Zergling x2  
  24  2:55  Zergling x2  
  23  3:14  Zergling x8  
  26  3:23  Drone  
  24  3:43  Zergling x2  
  24  3:44  Zergling x2  
  22  3:56  Zergling x8  
  24  4:09  Baneling x2  
  24  4:10  Baneling x3  
  24  4:12  Zergling x2  
  24  4:17  Zergling x2  
  26  4:25  Zergling x2  
  26  4:26  Zergling x4  
  25  4:40  Baneling x3  
  25  4:42  Baneling  
  25  4:43  Zergling x2  
  26  4:48  Baneling  
  26  4:53  Drone  
  19  5:14  Drone x3  
  19  5:15  Lair  
  19  5:17  Extractor  
  19  5:19  Drone  
  20  5:32  Zergling x2  
  21  5:45  Drone x3  
  21  5:46  Zergling x2  
  25  6:00  Drone  
  26  6:14  Spire  
  26  6:15  Drone x2  
  27  6:28  Hatchery  
  27  6:34  Zergling x6  
  30  6:41  Hatchery  
  29  7:00  Overlord x2  
  30  7:09  Hatchery  
  29  7:28  Mutalisk  
  29  7:29  Mutalisk x3  
  37  7:36  Mutalisk  
  39  7:49  Drone x4  
  43  8:00  Baneling  
Tags
 
Add a new tag
Caveats
  • Supply blocks, unpowered buildings, or Contaminate may cause inaccurate times.
  • Supply counts are checked every 10 seconds.